 Dungeon Crawl Stone Soup version 0.28-a0-1087-gf3fc490d9d (webtiles) character file.

Game seed: 12125156905577623942

1480 leviel the Cleaver (level 8, -2/73 HPs)
             Began as a Hill Orc Fighter on Dec 10, 2021.
             Slain by an iguana (6 damage)
             ... on level 6 of the Dungeon.
             The game lasted 00:08:38 (5717 turns).

leviel the Cleaver (Hill Orc Fighter)               Turns: 5717, Time: 00:08:39

Health: -2/73      AC: 11    Str: 21    XL:     8   Next: 79%
Magic:  8/8        EV:  6    Int:  8    God:
Gold:   235        SH:  4    Dex: 10    Spells: 7/7 levels left

rFire   . . .      SeeInvis +   a - +0 war axe
rCold   . . .      Faith    .   c - +0 buckler
rNeg    + . .      Spirit   .   h - +0 plate armour
rPois   .          Reflect  .   (no helmet)
rElec   .          Harm     .   (no cloak)
rCorr   .          Rampage  .   (no gloves)
Will    .....                   (no boots)
Stlth   ..........              (no amulet)
HPRegen 0.22/turn               g - ring of positive energy
MPRegen 0.11/turn               k - ring of see invisible

@: lethally poisoned (-2 -> -7)
A: no striking features
a: no special abilities


You were on level 6 of the Dungeon.
You visited 1 branch of the dungeon, and saw 6 of its levels.

You collected 235 gold pieces.

Inventory:

Hand Weapons
 a - a +0 war axe (weapon)
Missiles
 o - 20 poisoned darts (quivered)
 p - 3 atropa-tipped darts
Armour
 c - a +0 buckler (worn)
 h - a +0 plate armour (worn)
Jewellery
 g - a ring of positive energy (left hand)
 k - a ring of see invisible (right hand)
Wands
 n - a wand of mindburst (3)
 s - a wand of polymorph (10)
Scrolls
 f - a scroll of identify {@r1}
Potions
 b - 2 potions of haste {unknown}
 e - a potion of magic
 i - 2 potions of invisibility {unknown}
 l - a potion of resistance
 r - a potion of brilliance {unknown}
 t - a potion of attraction {unknown}


   Skills:
 - Level 7.2 Fighting
 + Level 12.0 Axes
 - Level 3.5 Armour
 - Level 3.5 Shields


You had 7 spell levels left.
You didn't know any spells.
Your spell library contained the following spells:

 Spells                   Type           Power      Damage    Failure   Level
 Alistair's Intoxication  Tmut/Pois      0%         N/A       100%        5
 Borgnjor's Vile Clutch   Necr/Erth      0%         N/A       100%        5
 Eringya's Noxious Bog    Tmut/Pois      0%         N/A       100%        6


Dungeon Overview and Level Annotations

Branches:
Dungeon (6/15)             Temple (0/1) D:6

Altars:
Ashenzari
Sif Muna
The Shining One

Shops:
D:1 =


Message History

You feel as though you will be slow longer.
Your surroundings suddenly seem different.
An iguana and 3 yaks come into view.
Found 2 potions of degeneration.
Found an escape hatch in the ceiling.
Found a stone staircase leading up.
You feel extremely sick.
The yak bellows! x2; The iguana hisses angrily.
The iguana bites you!
* * * LOW HITPOINT WARNING * * *
The iguana bites you but does no damage.
Okay, then.
You are confused.
You feel invigorated.
You feel very sick. The yak gores you but does no damage.
The yak barely misses you.
The iguana bites you but does no damage.
You barely miss the yak. You slash the iguana! You hit the yak.
You feel very sick. The yak gores you but does no damage.
The yak barely misses you. The iguana bites you.
* * * LOW HITPOINT WARNING * * *
The yak barely misses you.
You completely miss the yak. You hit the yak.
You hit the iguana but do no damage.
You feel less invigorated.
You feel less confused.
You feel very sick. The iguana bites you.
* * * LOW HITPOINT WARNING * * *
The yak gores you!
* * * LOW HITPOINT WARNING * * *
The yak gores you but does no damage.
The iguana bites you but does no damage.
You hit the yak.
The yak is lightly wounded.
You hit the iguana but do no damage. You hit the yak.
You feel yourself speed up.
* * * LOW HITPOINT WARNING * * *
You feel sick. The yak barely misses you. The yak gores you but does no damage.
The iguana bites you.
You die...

.#,*,* *,,****,****,***,,,,,*
.#**+***,,.#**,,*,,,* *,,,,,*
.#,,,,,*,,,.,,,,,,,,* *,,,,,*
##,⌠,⌠,*,,,,.,,,,,,** *,,,,,*
.+,,>,,+,,,*#!****** *,,,,,*
.#,⌠,⌠,*,.,,#.##*******,,,,,*
.#,,,,,*,...,...,,,,,,,,,,,,*
.#**+****#....#Y##******+****
..,,,******#...Y@#,,,,,*,********
...,,,,,,......Y.l......,,,,,,,,,
####*****###..<....###.#,*******,
#<.#..#.# *,*,* *, #.......#
*,*,* *, ##.##...# *,*,*******,
*.*##.,# *,*,**,,,**+ #,* *..*
*,,,**,,,,,,
***+***,,********,,,,,,


You could see 3 yaks and an iguana.

Vanquished Creatures
  A troll (D:5)
  3 sky beasts (D:5)
  2 ice beasts
  2 ogres (D:5)
  A bullfrog (D:4)
  A water moccasin zombie (D:5)
  A scorpion (D:5)
  2 howler monkeys
  A centaur zombie (D:4)
  A hound (D:5)
  An orc priest (D:4)
  2 orc wizards
  An iguana (D:4)
  6 gnolls
  3 adders
  An ufetubus (D:5)
  2 worms (D:3)
  2 dart slugs (D:2)
  8 orcs
  6 endoplasms
  A giant cockroach (D:1)
  9 goblins
  7 hobgoblins
  4 jackals (D:2)
  7 quokkas
  4 ball pythons
  A bat (D:1)
  3 frilled lizards
  7 kobolds
  7 rats
97 creatures vanquished.

Vanquished Creatures (others)
  13 plants (D:5)
13 creatures vanquished.

Grand Total: 110 creatures vanquished

Notes
Turn   | Place    | Note
-------+----------+-------------------------------------------
     0 | D:1      | leviel the Hill Orc Fighter began the quest for the Orb.
     0 | D:1      | Reached XP level 1. HP: 19/19 MP: 1/1
   299 | D:1      | Reached skill level 3 in Axes
   299 | D:1      | Reached XP level 2. HP: 27/27 MP: 2/2
   710 | D:1      | Found Sausomoi's Jewellery Boutique.
   907 | D:2      | Reached XP level 3. HP: 30/33 MP: 3/3
  1312 | D:2      | Reached skill level 5 in Fighting
  1312 | D:2      | Reached XP level 4. HP: 37/42 MP: 4/4
  1365 | D:2      | HP: 1/42 [gnoll (8)]
  2059 | D:3      | Reached XP level 5. HP: 42/50 MP: 5/5
  2080 | D:3      | Noticed an ice beast
  2092 | D:3      | Killed an ice beast
  2257 | D:3      | Reached XP level 6. HP: 55/60 MP: 6/6
  2333 | D:3      | Found a broken altar of Ashenzari.
  2489 | D:3      | Found a faded altar of an unknown god.
  3147 | D:4      | Reached skill level 4 in Axes
  3323 | D:4      | Reached skill level 5 in Axes
  3504 | D:4      | Reached skill level 6 in Axes
  3504 | D:4      | Reached XP level 7. HP: 10/66 MP: 7/7
  4176 | D:4      | Found a glowing golden altar of the Shining One.
  4208 | D:5      | Entered Level 5 of the Dungeon
  4223 | D:5      | Reached skill level 7 in Axes
  4316 | D:5      | Reached skill level 8 in Axes
  4318 | D:5      | Found a shimmering blue altar of Sif Muna.
  4481 | D:5      | Reached skill level 9 in Axes
  4481 | D:5      | Reached XP level 8. HP: 27/73 MP: 8/8
  4492 | D:5      | Reached skill level 10 in Axes
  5008 | D:5      | Reached skill level 11 in Axes
  5218 | D:5      | Noticed a troll
  5230 | D:5      | Killed a troll
  5231 | D:5      | Reached skill level 12 in Axes
  5701 | D:6      | Noticed a hornet
  5713 | D:6      | Noticed a yak
  5713 | D:6      | Noticed a yak
  5713 | D:6      | Noticed a yak
  5717 | D:6      | Slain by an iguana

Illustrated notes

Levels and vault maps discovered:
D:1:      dpeg_arrival_fog, layout_basic, serial_shops, shop, hex_tiny
D:2:      layout_rooms
D:3:      layout_basic, mainiacjoe_overflow_alcove_1,
          shapermc_ecumenical_altar_mp_highgroup
D:4:      layout_cave_pools, tso_altar, enter_ossuary_5, grunt_decor_cap
D:5:      layout_loops_ring, marbit_many_paths, serial_bayou,
          serial_bayou_shore_a, serial_bayou_pond_a, serial_bayou_pond_b,
          serial_bayou_shore_b, serial_bayou_crossing, serial_bayou_lake_a,
          minmay_misc_feat_encased
D:6:      minmay_thinvault, layout_basic, kennysheep_mini_moat,
          trog_three_pillars_becter, minmay_temple_entry_hall,
          gammafunk_ghost_split, uniq_duvessa

Skill      XL: |  1  2  3  4  5  6  7  8 |
---------------+-------------------------+-----
Axes           | 3 6 9 12 | 12.0
Fighting       | 4 5 6 7 |  7.2
Armour         | |  3.5
Shields        | |  3.5

Action                   |  1- 3 |  4- 6 |  7- 9 || total
-------------------------+-------+-------+-------++-------
Melee: War axe           |   111 |   114 |    98 ||   323
Throw: Dart              |       |     4 |     3 ||     7
Evoke: Wand              |       |       |     4 ||     4
  Use: Scroll            |       |     7 |     4 ||    11
       Potion            |       |       |     2 ||     2
Armor: Scale mail        |    11 |       |       ||    11
       Plate armour      |    45 |   104 |    66 ||   215
Dodge: Dodged            |    31 |    62 |    35 ||   128
Block: Buckler           |    30 |    42 |    19 ||    91

Table legend: (Time is in decaauts)
 A = Elapsed time spent in this place.
 B = Non-inter-level travel time spent in this place.
 C = Inter-level travel time spent in this place.
 D = Time resting spent in this place.
 E = Time spent auto-exploring this place.
 F = Levels seen in this place.
 G = Mean time per level.
                   A        B        C        D        E       F      G
               +--------+--------+--------+--------+--------+-----+--------+
         Total |   5854 |   5671 |    183 |   1254 |   3590 |   6 |  975.7 |
       Dungeon |   5854 |   5671 |    183 |   1254 |   3590 |   6 |  975.7 |
               +--------+--------+--------+--------+--------+-----+--------+

Top non-repeatable levels by time:
     D:3: 1661 daAuts
     D:5: 1531 daAuts
     D:2: 1123 daAuts
     D:1: 907 daAuts
     D:4: 595 daAuts
     D:6: 36 daAuts
